Map: Bel'Shir Vestige LE (Void)

Players

Words

  • Race: Terran Terran
  • Spawn Location: 5:00

SirRobin - Winner!

  • Race: Zerg Zerg
  • Spawn Location: 11:00

Event: WCS Austin 2017

VOD

Have the link to the VOD?

Description

Time

  • Played on: April 28, 2017, 2:15 p.m.
  • Length: 10:55

All games in this series

Show
View Real Time Build Order
Export as new Build Order

Words Terran 

Build Orders: Reaper Expand, Hellion Banshee, MMM Bio 

Get SALT Encoding   

  12  0:01  SCV  
  13  0:13  SCV  
  14  0:18  Supply Depot  
  14  0:25  SCV  
  15  0:40  SCV  
  15  0:42  Barracks  
  16  0:45  Refinery  
  16  0:52  SCV  
  17  1:04  SCV  
  18  1:16  SCV  
  19  1:28  Reaper  
  19  1:29  Orbital Command  
  20  1:41  Command Center  
  20  1:49  Supply Depot  
  20  1:54  SCV  
  20  2:00  Marine  
  22  2:06  SCV  
  23  2:10  Factory  
  23  2:18  Refinery, SCV  
  23  2:22  Barracks Reactor  
  24  2:37  SCV  
  25  2:49  SCV  
  26  2:58  Starport  
  26  2:59  Orbital Command  
  26  3:05  SCV  
  26  3:10  Hellion x2  
  31  3:14  Barracks Tech Lab  
  31  3:18  SCV  
  32  3:26  SCV  
  33  3:30  SCV  
  33  3:31  Hellion x2  
  38  3:38  SCV  
  39  3:42  SCV  
  39  3:43  Armory  
  39  3:47  Banshee  
  43  3:51  SCV  
  43  3:52  Barracks Reactor  
  43  3:54  SCV  
  45  3:56  Supply Depot x2  
  45  4:11  SCV  
  46  4:17  Hellion x2  
  46  4:20  SCV  
  46  4:23  SCV  
  52  4:27  Barracks  
  52  4:28  Cloaking Field, Barracks  
  52  4:30  Banshee  
  55  4:34  SCV  
  55  4:35  SCV  
  57  4:40  Marine x2  
  57  4:41  Hellion  
  61  4:47  Supply Depot  
  61  4:52  SCV  
  62  5:09  Hellion, SCV x2  
  63  5:21  SCV x2  
  62  5:29  Barracks Tech Lab x2, Marine x2  
  62  5:30  Hellion  
  62  5:31  Banshee  
  59  5:36  SCV x2  
  59  5:41  Refinery, Command Center  
  59  5:42  Hellion, Refinery  
  63  5:45  Engineering Bay  
  63  5:47  Engineering Bay  
  63  5:48  SCV x2  
  65  5:50  Barracks  
  65  5:51  Combat Shields  
  65  5:52  Barracks, Stimpack  
  65  5:57  Marine  
  65  5:58  Marine x3  
  69  6:16  Marine x2  
  69  6:17  Marine x2  
  52  6:28  SCV x2  
  52  6:29  Hellion x2, Banshee  
  58  6:34  Marine x2  
  58  6:38  Barracks Reactor  
  58  6:39  Barracks Reactor  
  60  6:40  Marine x2, SCV x2  
  64  6:52  Marine, SCV x2  
  67  6:58  Marauder, Marine x2  
  67  6:59  Hellion x2  
  67  7:00  SCV  
  76  7:04  SCV  
  77  7:10  Terran Infantry Armor Level 1, Terran Infantry Weapons Level 1, Marine  
  77  7:14  SCV  
  77  7:15  Orbital Command  
  76  7:16  Marine  
  76  7:19  Marine x6  
  83  7:26  Supply Depot  
  83  7:28  Supply Depot  
  83  7:30  Medivac  
  85  7:39  Marine x2  
  85  7:40  Marine x5  
  92  7:49  Missile Turret x2  
  92  7:59  Marine x7  
  92  8:00  Marine  
  100  8:07  SCV x2  
  99  8:12  Widow Mine  
  99  8:13  Widow Mine  
  99  8:14  Medivac  
  99  8:16  Marine  
  99  8:17  Marine  
  99  8:18  Marauder  
  109  8:33  Supply Depot x3  
  109  8:34  Missile Turret  
  109  8:41  Marine x2  
  109  8:54  Marine x4, Orbital Command  
  113  8:59  Marine  
  113  9:00  Marine  
  113  9:07  Missile Turret  
  113  9:09  Widow Mine, Missile Turret x2  
  113  9:10  Widow Mine  
  113  9:11  Medivac x2  
  113  9:12  Missile Turret, Marine x3  
  113  9:14  Marine x2  
  113  9:15  Supply Depot  
  113  9:16  Supply Depot  
  113  9:17  Supply Depot  
  126  9:20  SCV x2  
  128  9:32  Marine x3  
  130  9:44  Marine x4  
  130  9:45  Widow Mine x2  
  134  9:47  Medivac  
  134  9:50  Marine x2  
  142  9:56  Unknown  
  142  10:02  Marine x5  
  140  10:25  Marine x4  
  140  10:26  Marine x2  
  130  10:29  SCV x3  
  130  10:31  Marine  
Show
View Real Time Build Order
Export as new Build Order

SirRobin Zerg - Winner!

Build Orders: Hatch First, Muta Ling Bane 

Get SALT Encoding   

  12  0:00  Drone  
  13  0:08  Drone  
  14  0:16  Overlord  
  14  0:23  Extractor  
  14  0:24  Drone  
  15  0:34  Drone x2  
  17  0:53  Hatchery  
  17  0:54  Drone  
  17  0:57  Drone  
  18  1:11  Spawning Pool  
  17  1:13  Extractor  
  17  1:14  Drone  
  17  1:17  Drone  
  18  1:27  Drone  
  19  1:40  Drone  
  19  1:45  Hatchery  
  19  1:49  Drone  
  20  1:57  Queen  
  22  2:05  Queen  
  22  2:08  Zergling x2  
  25  2:14  Overlord  
  25  2:17  Drone  
  25  2:19  Drone  
  25  2:22  Drone  
  28  2:35  Spore Crawler  
  28  2:36  Metabolic Boost  
  27  2:45  Drone  
  27  2:46  Drone x3  
  31  2:52  Drone  
  31  2:53  Queen  
  31  2:54  Drone  
  31  2:58  Overlord  
  35  3:00  Drone  
  35  3:04  Drone  
  37  3:13  Drone x2  
  37  3:14  Drone x2  
  37  3:17  Overlord  
  37  3:18  Drone x2  
  43  3:21  Drone  
  43  3:23  Drone  
  43  3:24  Drone  
  47  3:27  Drone  
  47  3:29  Extractor  
  47  3:32  Baneling Nest  
  47  3:34  Zergling x4  
  47  3:36  Zergling x2  
  47  3:39  Overlord  
  48  3:46  Drone x2  
  48  3:48  Evolution Chamber  
  49  3:49  Drone, Evolution Chamber  
  49  3:53  Drone x2  
  51  3:59  Queen  
  51  4:01  Overlord  
  54  4:02  Zergling x2  
  54  4:03  Zergling x2  
  54  4:04  Drone  
  54  4:05  Drone  
  56  4:11  Queen  
  56  4:14  Zerg Melee Weapons Level 1  
  58  4:18  Drone  
  58  4:20  Zergling x8  
  63  4:26  Drone  
  63  4:29  Drone  
  65  4:31  Zerg Ground Armor Level 1  
  65  4:36  Zergling x4  
  65  4:37  Zergling x8  
  71  4:48  Queen  
  73  4:53  Lair  
  73  4:54  Drone  
  73  4:55  Overlord  
  73  4:56  Overlord, Extractor  
  73  4:58  Zergling x2  
  74  5:03  Baneling x2  
  74  5:05  Baneling  
  64  5:35  Zergling x2  
  61  5:36  Zergling x36  
  79  5:57  Drone x2  
  79  5:59  Extractor  
  79  6:00  Spire  
  79  6:02  Centrifical Hooks  
  71  6:22  Zergling x22  
  71  6:28  Extractor  
  71  6:29  Extractor  
  67  6:34  Overseer  
  67  6:36  Drone x6  
  67  6:37  Drone x3  
  73  6:40  Hatchery  
  73  6:45  Zerg Ground Armor Level 2  
  72  6:54  Drone  
  72  6:55  Drone x7  
  76  7:14  Drone x2  
  78  7:19  Drone x2  
  80  7:25  Overlord, Mutalisk x4  
  80  7:29  Queen, Overlord x2  
  90  7:35  Pneumatized Carapace  
  89  7:42  Zerg Melee Weapons Level 2  
  89  7:44  Drone x2  
  91  7:50  Drone x2  
  91  7:51  Drone x4  
  93  7:58  Drone x2  
  93  7:59  Drone x3  
  93  8:00  Drone  
  93  8:01  Drone  
  93  8:03  Drone x2  
  97  8:10  Zerg Flyer Weapons Level 1  
  97  8:22  Mutalisk x2  
  97  8:23  Mutalisk x2  
  97  8:25  Hatchery  
  104  8:33  Drone x3  
  104  8:34  Overlord  
  107  8:35  Queen  
  109  8:43  Overlord x2  
  109  8:44  Drone x2  
  109  8:45  Drone x7  
  118  8:53  Infestation Pit  
  117  9:03  Hatchery  
  117  9:08  Overlord x4  
  117  9:09  Drone x3  
  123  9:10  Drone x6  
  125  9:27  Mutalisk  
  125  9:28  Mutalisk x7  
  125  9:30  Overlord x2  
  140  9:43  Zergling x22, Extractor  
  140  9:44  Extractor  
  140  9:45  Zergling x4  
  151  9:47  Queen  
  153  9:55  Baneling x4  
  153  9:56  Baneling x13  
  153  9:58  Zergling x2  
  153  9:59  Zergling x14  
  161  10:11  Zergling x2  
  161  10:12  Zergling x18  
  164  10:27  Zergling x6  
  164  10:28  Zergling x18  
  166  10:34  Baneling x3  
  166  10:35  Baneling  
Tags
 
Add a new tag
Caveats
  • Supply blocks, unpowered buildings, or Contaminate may cause inaccurate times.
  • Supply counts are checked every 10 seconds.